 Dungeon Crawl Stone Soup version 0.16-a0-787-g31dbbe7 (webtiles) character file.

3417 Kashira the Thaumaturge (level 9, 0/36 HPs)
             Began as a Felid Ice Elementalist on Sept 27, 2014.
             Was a Priest of Kikubaaqudgha.
             Killed from afar by an electric eel (14 damage)
             ... with a bolt of electricity
             ... on Level 10 of the Dungeon.
             The game lasted 01:03:07 (19398 turns).

Kashira the Thaumaturge (Felid Ice Elementalist)   Turns: 19398, Time: 01:03:07

HP   0/36        AC  2     Str  5      XL: 9   Next: 76%
MP  16/31        EV 21     Int 17      God: Kikubaaqudgha [***...]
Gold 556         SH  0     Dex 17      Spells:  6 memorised, 12 levels left
Lives: 0, deaths: 3

rFire  x . .     SeeInvis +       - Unarmed
rCold  + + .     Rnd*Rage +     (armour unavailable)
rNeg   . . .     rCorr    +     (shield unavailable)
rPois  .         rRot     .     (helmet unavailable)
rElec  .         Spirit   .     (cloak unavailable)
SustAb .         Warding  .     (gloves unavailable)
rMut   .         Stasis   .     (boots unavailable)
Gourm  .                        s - cursed amulet of resist corrosion
MR     +....                    y - ring of protection from cold
                                u - cursed ring of ice

@: quick, somewhat resistant to hostile enchantments, very unstealthy
A: paw claws, no armour, no weapons or thrown items, fangs 3, repulsion field 1,
see invisible, berserk 1, carnivore 3, deformed body, speed 1, high mp 1,
mutation resistance 1, shaggy fur 2, slow metabolism 1, weak 1, wild magic 1,
jump 2
a: Jump Attack, Receive Corpses, Renounce Religion


You were on level 10 of the Dungeon.
You worshipped Kikubaaqudgha.
Kikubaaqudgha was most pleased with you.
You were very full.

You visited 2 branches of the dungeon, and saw 11 of its levels.
You also visited: Sewer and Ossuary.

You collected 731 gold pieces.
You spent 175 gold pieces at shops.

Inventory:

Magical devices
 k - a wand of digging (4)
 q - a wand of polymorph (8)
 B - a wand of slowing (9)
 D - a wand of frost (12)
 F - a wand of polymorph (11)
 J - a wand of lightning (4)
 K - a wand of fireball (5) {unknown}
Comestibles
 c - 3 meat rations
 E - 2 beef jerkies
 G - 8 slices of pizza
 M - 3 rotting chunks of orc flesh
 N - 3 chunks of orc flesh
 P - a rotting chunk of wyvern flesh
 Q - a chunk of human flesh
 R - 5 chunks of orc flesh
 S - 4 chunks of orc flesh
 T - 3 chunks of orc flesh
 U - 3 chunks of orc flesh
Scrolls
 a - a scroll of fog {unknown}
 e - 4 scrolls of teleportation
 j - 6 scrolls of recharging
 n - a scroll of fear
 o - a scroll of random uselessness
 p - 2 scrolls of immolation {unknown}
 t - 5 scrolls of remove curse
 v - a scroll of noise {unknown}
 x - 2 scrolls of amnesia {unknown}
 C - 2 scrolls of identify
 I - a scroll of vulnerability {unknown}
 O - a scroll of magic mapping
Jewellery
 s - a cursed amulet of resist corrosion (around neck)
 u - a cursed ring of ice (left paw)
 y - a ring of protection from cold (right paw)
Potions
 d - 5 potions of curing
 f - 2 potions of flight
 g - a potion of brilliance
 i - a potion of restore abilities
 l - 3 potions of might
 m - 3 potions of agility
 r - a potion of invisibility
 w - 3 potions of heal wounds
 z - a potion of mutation
 A - 2 potions of haste
Books
 b - a book of Frost

   Spells                             Type                      Level
   *Freeze                            Ice                          1
   *Throw Frost                       Conjuration/Ice              2
   *Ozocubu's Armour                  Charms/Ice                   3
   *Throw Icicle                      Conjuration/Ice              4
   Summon Ice Beast                   Ice/Summoning                4
   *Condensation Shield               Ice                          4
 h - Kikubaaqudgha's Reference Book on Darkness
   (Kikubaaqudgha gifted it to you on level 7 of the Dungeon)

   Spells                             Type                      Level
   *Animate Skeleton                  Necromancy                   1
   Corpse Rot                         Necromancy                   2
   Sublimation of Blood               Necromancy                   2
   Regeneration                       Charms/Necromancy            3
   Control Undead                     Necromancy                   4
 H - a book of Burglary

   Spells                             Type                      Level
   Swiftness                          Charms/Air                   2
   Passwall                           Transmutation/Earth          3
   Passage of Golubria                Translocation                4
   Lee's Rapid Deconstruction         Earth                        5
   Invisibility                       Hexes                        6
   Darkness                           Hexes                        7
 L - Kikubaaqudgha's Handbook of Darkness
   (Kikubaaqudgha gifted it to you on level 9 of the Dungeon)

   Spells                             Type                      Level
   Animate Dead                       Necromancy                   4
   Bolt of Draining                   Conjuration/Necromancy       5
   Agony                              Necromancy                   5
   Dispel Undead                      Necromancy                   5
   Simulacrum                         Ice/Necromancy               6


   Skills:
 - Level 1.6 Fighting
 - Level 4.2 Dodging
 - Level 2.6 Stealth
 - Level 1.1 Unarmed Combat
 + Level 9.8 Spellcasting
 + Level 6.0 Conjurations
 + Level 2.0 Charms
 + Level 2.2 Necromancy
 + Level 9.1 Ice Magic
 + Level 1.0 Evocations


You had 12 spell levels left.
You knew the following spells:

 Your Spells              Type           Power        Failure   Level  Hunger
a - Freeze                Ice            ####         1%          1    None
b - Throw Frost           Conj/Ice       ######       3%          2    None
c - Ozocubu's Armour      Chrm/Ice       ######..     7%          3    None
d - Condensation Shield   Ice            ######....   5%          4    ###....
e - Throw Icicle          Conj/Ice       ######..     11%         4    ###....
f - Animate Skeleton      Necr           N/A          9%          1    None


Dungeon Overview and Level Annotations

Branches:
Dungeon (10/15)            Temple (1/1) D:6            Lair (0/8) D:10
    Orc: D:9-12

Altars:
Ashenzari
Cheibriados
Dithmenos
Elyvilon
Fedhas
Gozag
Kikubaaqudgha
Makhleb
Nemelex Xobeh
Okawaru
Qazlal
Ru
Sif Muna
Trog
Vehumet
Xom
Yredelemnul
Zin
The Shining One

Shops:
D:5 [   D:6 *   D:9 *

Annotations:
D:4 ciphuk's ghost, average HEIE
D:9 Kashira's ghost, experienced FeIE


Innate Abilities, Weirdness & Mutations

You cannot wear armour.
You are incapable of wielding weapons or throwing items.
Your paws have sharp claws.
You have razor-sharp teeth.
You have supernaturally acute eyesight.
You are carnivorous and can eat meat at any time.
You cover ground quickly.
You are covered in thick fur (AC +2).
You have a slow metabolism.
You can jump attack at a medium distance.
You are surrounded by a mild repulsion field (EV +2).
You tend to lose your temper in combat.
Your body is misshapen.
You have an increased reservoir of magic (+10% MP).
You are somewhat resistant to further mutation.
You are weak. (Str -2)
Your spells are a little harder to cast, but a little more powerful.


Message History

r - Retreat! s - Stop attacking. w - Wait here. f - Follow me.
Anything else - Stay silent.
Gang up on whom?
Press: ? - help, Dir - move target cursor, f - electric eel
Aim: an electric eel
Okay, then.
The electric eel shoots out a bolt of electricity!
The bolt of electricity hits you!
The electric eel shoots out a bolt of electricity!
The bolt of electricity hits your wyvern skeleton.
The bolt of electricity hits your orc skeleton.
Your orc skeleton is destroyed!
You hear a splash.
The bolt of electricity hits your orc skeleton.
Your orc skeleton is destroyed!
You hear a splash. x2
The bolt of electricity hits you!
You die...
Kikubaaqudgha rasps: "You have failed me!
Welcome... death!"

#....Z..#♣PP≈.P≈≈≈.....###
..#.....#♣≈≈P.≈P≈♣..#....#
##Z.....#♣≈≈≈.PP≈♣..#.>#.#
........#P≈≈P.P≈P♣..#..#.#####
.Z...##.).♣♣≈.≈P≈♣..#Z.......#
.....##...♣♣≈.≈≈♣Z....######..#
.....##<..≈♣≈.≈≈♣.##..#
########..≈♣≈.≈≈♣Z#...#
#..♣P≈.≈Z@≈Z..#≈≈≈≈≈≈♣
#.≈♣≈≈.≈≈)♣P..≈♣≈≈≈PP
#.♣♣≈≈.≈≈)♣♣♣≈♣♣≈≈P≈≈
#.P♣≈≈.PZ)♣ ♣♣♣ ≈≈≈≈
#..≈♣P.≈≈≈≈♣ P≈ #...♣≈.P≈PZ≈≈
###..♣.≈≈≈≈≈≈≈ ##..%........
#...≈≈≈;≈;≈


You could see an electric eel, a friendly wyvern skeleton, 4 friendly orc
skeletons and the friendly Erica the human skeleton.

Vanquished Creatures
  Erica (D:10)
  Prince Ribbit (D:6)
  A two-headed ogre (D:7)
  Eustachio (D:7)
  A human (D:7)
  A hungry ghost (D:7)
  A hippogriff (D:8)
  A wyvern (D:10)
  Edmund (D:7)
  Menkaure (D:7)
  2 sky beasts
  An orc warrior (D:7)
  3 ice beasts
  2 ogres
  6 centaurs
  A big kobold (D:9)
  2 giant frogs (D:6)
  A cyclops skeleton (D:9)
  5 scorpions
  An electric eel (D:10)
  2 goliath beetles (D:7)
  3 bog bodies (Ossuary)
  3 crimson imps
  2 giant frog zombies
  5 hounds
  A centaur zombie (Ossuary)
  4 jellies
  7 orc wizards
  6 orc priests
  7 worker ants
  3 sheep (D:7)
  2 ogre zombies (Ossuary)
  3 sky beast zombies
  2 big kobold zombies
  A hound zombie (Ossuary)
  A crocodile skeleton (D:6)
  11 mummies (Ossuary)
  A worker ant zombie (D:8)
  13 adders
  6 gnolls
  2 green rats (D:5)
  A scorpion zombie (D:6)
  2 shadow imps
  3 giant mites
  A goliath beetle zombie (Ossuary)
  4 worms
  2 adder zombies
  9 giant geckos
  2 oozes
  47 orcs
  6 ball pythons
  27 bats
  A bat zombie (Ossuary)
  6 giant cockroaches
  A giant mite zombie (Ossuary)
  17 goblins
  20 hobgoblins
  8 quokkas
  A giant gecko zombie (D:5)
  4 giant newts
  A giant spore (D:8)
  3 hobgoblin zombies (Ossuary)
  14 jackals
  20 kobolds
  3 orc skeletons
  2 orc zombies
  3 quokka zombies (Ossuary)
  20 rats
  A rat skeleton (D:5)
  2 rat zombies
350 creatures vanquished.

Vanquished Creatures (collateral kills)
  A hill giant (D:10)
  A hippogriff (D:9)
  A yak (D:7)
  A giant mite (D:9)
  An orc (D:9)
5 creatures vanquished.

Vanquished Creatures (others)
  A hippogriff skeleton (D:9)
  A human skeleton (D:7)
  An ogre skeleton (D:9)
  2 hound skeletons (D:7)
  A sheep skeleton (D:7)
  A bat skeleton (D:9)
  A kobold (D:8)
  4 kobold skeletons
  11 orc skeletons
  A quokka skeleton (D:7)
  2 rat skeletons
  A plant (Ossuary)
27 creatures vanquished.

Grand Total: 382 creatures vanquished

Notes
Turn   | Place    | Note
--------------------------------------------------------------
     0 | D:1      | Kashira, the Felid Ice Elementalist, began the quest for the Orb.
     0 | D:1      | Reached XP level 1. HP: 7/7 MP: 4/4
   207 | D:1      | Reached skill level 3 in Ice Magic
   272 | D:1      | Reached XP level 2. HP: 11/11 MP: 0/5
  1198 | D:1      | Reached XP level 3. HP: 14/14 MP: 6/8
  1202 | D:1      | Learned a level 2 spell: Throw Frost
  1206 | D:1      | Learned a level 3 spell: Ozocubu's Armour
  1770 | D:2      | Reached skill level 1 in Conjurations
  2461 | D:2      | Reached XP level 4. HP: 18/18 MP: 0/11
  2594 | D:2      | Found a deep blue altar of Sif Muna.
  2668 | D:2      | Gained mutation: You have an increased reservoir of magic (+10% MP). [potion of mutation]
  2668 | D:2      | Gained mutation: You are weak. (Str -2) [potion of mutation]
  2668 | D:2      | Gained mutation: You are surrounded by a mild repulsion field (EV +2). [potion of mutation]
  3613 | D:3      | Reached XP level 5. HP: 16/21 MP: 0/15
  3930 | D:3      | Gained mutation: Your spells are a little harder to cast, but a little more powerful. [potion of mutation]
  3930 | D:3      | Gained mutation: Your body is misshapen. [potion of mutation]
  3930 | D:3      | Lost mutation: You have an increased reservoir of magic (+10% MP). [potion of mutation]
  3936 | D:3      | Learned a level 4 spell: Condensation Shield
  3985 | D:3      | Noticed a fire elemental
  4051 | D:3      | Found a stormy altar of Qazlal.
  4053 | D:3      | Noticed a water elemental
  4054 | D:3      | Noticed an air elemental
  4693 | D:3      | Reached skill level 4 in Ice Magic
  4891 | D:3      | Gained mutation: You are covered in thick fur (AC +2). [growing up]
  4891 | D:3      | Gained mutation: You can jump attack at a medium distance. [growing up]
  4891 | D:3      | Reached XP level 6. HP: 14/25 MP: 1/18
  5190 | D:4      | Noticed ciphuk's ghost (average HEIE)
  5452 | D:4      | Found a sparkling altar of Nemelex Xobeh.
  6016 | D:5      | Entered Level 5 of the Dungeon
  6086 | D:5      | Found Klaqis' Antique Armour Shop.
  6303 | D:5      | Found a glowing drain.
  6360 | Sewer    | Entered a sewer
  7516 | D:5      | Noticed a yak
  7518 | D:5      | Noticed a yak
  7545 | D:5      | Noticed a yak
  7738 | D:5      | Found an opulent altar of Gozag.
  7850 | D:5      | Reached XP level 7. HP: 28/28 MP: 0/20
  7863 | D:5      | Learned a level 4 spell: Throw Icicle
  8515 | D:5      | Reached skill level 1 in Charms
  8835 | D:5      | Reached skill level 5 in Ice Magic
  9118 | D:5      | HP: 1/28 [poison (a potion of poison)]
  9119 | D:5      | Succumbed to poison (a potion of poison)
  9120 | D:5      | Reached XP level 6. HP: 0/25 MP: 19/19
  9386 | D:6      | Noticed Prince Ribbit
  9503 | D:6      | Reached skill level 5 in Spellcasting
  9878 | D:6      | Reached XP level 7. HP: 16/28 MP: 0/22
 10151 | D:6      | Found a staircase to the Ecumenical Temple.
 10164 | Temple   | Entered the Ecumenical Temple
 10385 | Temple   | Became a worshipper of Kikubaaqudgha
 10536 | D:6      | Found Macusuod's General Store.
 10544 | D:6      | Bought a scroll of identify for 22 gold pieces
 10544 | D:6      | Bought a scroll of fear for 38 gold pieces
 10544 | D:6      | Bought a scroll of recharging for 104 gold pieces
 10544 | D:6      | Bought a scroll of random uselessness for 11 gold pieces
 10915 | D:6      | Reached skill level 6 in Spellcasting
 11515 | D:6      | Reached XP level 8. HP: 27/31 MP: 0/24
 11749 | D:6      | Killed Prince Ribbit
 11931 | D:6      | Gained mutation: You have an increased reservoir of magic (+10% MP). [potion of mutation]
 11931 | D:6      | Gained mutation: You tend to lose your temper in combat. [potion of mutation]
 11931 | D:6      | Gained mutation: You are somewhat resistant to further mutation. [potion of mutation]
 12349 | D:7      | Reached skill level 1 in Fighting
 12386 | D:7      | Noticed Menkaure
 12504 | D:7      | Found a sand-covered staircase.
 12511 | D:7      | Killed Menkaure
 12511 | D:7      | Reached skill level 1 in Unarmed Combat
 12519 | Ossuary  | Entered an ossuary
 12587 | Ossuary  | Reached skill level 7 in Spellcasting
 12643 | Ossuary  | Mangled by an ogre zombie
 12644 | Ossuary  | Reached XP level 7. HP: -12/28 MP: 9/26
 13320 | Ossuary  | Reached XP level 8. HP: 32/32 MP: 10/27
 14270 | D:7      | Acquired Kikubaaqudgha's first power
 14270 | D:7      | Received a gift from Kikubaaqudgha
 14271 | D:7      | Identified Kikubaaqudgha's Reference Book on Darkness (Kikubaaqudgha gifted it to you on level 7 of the Dungeon)
 14310 | D:7      | Learned a level 1 spell: Animate Skeleton
 14484 | D:7      | Noticed a two-headed ogre
 14824 | D:7      | Noticed Edmund
 14841 | D:7      | Killed Edmund
 15405 | D:7      | Reached skill level 8 in Spellcasting
 15421 | D:7      | Reached XP level 9. HP: 27/36 MP: 2/29
 15635 | D:7      | Noticed Eustachio
 15671 | D:7      | Killed a two-headed ogre
 15671 | D:7      | Reached skill level 5 in Conjurations
 15671 | D:7      | Reached skill level 1 in Necromancy
 15976 | D:7      | Killed Eustachio
 16299 | D:8      | Found a burning altar of Makhleb.
 16300 | D:8      | Found a blossoming altar of Fedhas.
 16300 | D:8      | Found a radiant altar of Vehumet.
 16355 | D:8      | Acquired Kikubaaqudgha's second power
 17645 | D:9      | Noticed Kashira's ghost (experienced FeIE)
 17797 | D:9      | Reached skill level 9 in Spellcasting
 18448 | D:9      | Found Tuizaet's Elemental Accessories.
 18466 | D:9      | Found a shimmering altar of Xom.
 18467 | D:9      | Found a shimmering altar of Xom.
 18483 | D:9      | Noticed a spiny frog
 18689 | D:9      | Noticed a spiny frog
 18703 | D:9      | a spiny frog changed into a tarantella
 18704 | D:9      | Received a gift from Kikubaaqudgha
 18704 | D:9      | Reached XP level 10. HP: 20/39 MP: 27/31
 18707 | D:10     | Entered Level 10 of the Dungeon
 18709 | D:9      | Slain by a tarantella (shapeshifter)
 18710 | D:9      | Reached XP level 9. HP: -1/36 MP: 27/30
 18780 | D:9      | Identified Kikubaaqudgha's Handbook of Darkness (Kikubaaqudgha gifted it to you on level 9 of the Dungeon)
 18984 | D:10     | Noticed Erica
 19002 | D:9      | Noticed a mermaid
 19159 | D:10     | Killed Erica
 19159 | D:10     | Reached skill level 1 in Evocations
 19295 | D:10     | Found a staircase to the Lair.
 19392 | D:10     | Noticed a hill giant
 19396 | D:10     | Killed a hill giant
 19398 | D:10     | Killed from afar by an electric eel

Action                   |  1- 3 |  4- 6 |  7- 9 | 10-12 || total
-------------------------+-------+-------+-------+-------++-------
Melee: Unarmed           |    20 |    24 |   154 |       ||   198
 Cast: Freeze            |    44 |   105 |   136 |       ||   285
       Throw Frost       |    29 |   156 |   225 |       ||   410
       Ozocubu's Armour  |       |    11 |    10 |       ||    21
       Condensation Shie |       |     8 |    13 |       ||    21
       Throw Icicle      |       |     1 |   101 |       ||   102
       Animate Skeleton  |       |       |    35 |       ||    35
 Abil: Jump Attack       |    12 |     1 |     4 |       ||    17
Evoke: Wand              |       |     2 |    12 |     1 ||    15
  Use: Scroll            |       |    15 |     4 |       ||    19
       Potion            |       |     4 |     7 |       ||    11
 Stab: Invisible         |       |       |     1 |       ||     1
       Distracted        |       |       |     1 |       ||     1
  Eat: Chunk             |    13 |    21 |    36 |       ||    70
       Meat ration       |       |       |     2 |       ||     2
       Pizza             |       |       |     1 |       ||     1
